 Dungeon Crawl Stone Soup version 0.30-a0-897-ga2f19c9 (webtiles) character file.

Game seed: 7064150776555403402

2317 Nithhogg the Cleaver (level 9, -6/118 HPs)
             Began as a Hill Orc Fighter on Mar 17, 2023.
             Mangled by a bullfrog (7 damage)
             ... on level 7 of the Dungeon on Mar 18, 2023.
             The game lasted 00:12:31 (5744 turns).

Nithhogg the Cleaver (Hill Orc Fighter)             Turns: 5744, Time: 00:12:32

Health: -6/118     AC: 16    Str: 23    XL:     9   Next: 41%
Magic:  14/14      EV:  7    Int:  8    God:
Gold:   1250       SH:  0    Dex: 10    Spells: 8/8 levels left

rFire   + . .      SeeInvis .    x - +1 dire flail (heavy)
rCold   . . .      Faith    .    (shield currently unavailable)
rNeg    . . .      Spirit   .    p - +0 plate armour
rPois   .          Reflect  .    (no helmet)
rElec   .          Rampage  .    (no cloak)
rCorr   +                        (no gloves)
Will    .....                    n - +2 pair of boots Stlth
                                 w - amulet of regeneration
HPRegen 1.19/turn                f - ring "Cabrulimie" {Fire rCorr}
MPRegen 0.14/turn                j - ring of protection from cold

@: berserking, about to teleport, very quick
A: no striking features
a: no special abilities


You were on level 7 of the Dungeon.
You visited 1 branch of the dungeon, and saw 7 of its levels.
You also visited: Sewer.

You collected 1250 gold pieces.

Inventory:

Hand Weapons
 a - a +0 war axe
 x - a +1 heavy dire flail (weapon)
 z - a +2 heavy flail
Armour
 b - a +0 scale mail
 c - a +0 buckler
 n - a +2 pair of boots (worn)
 p - a +0 plate armour (worn)
Jewellery
 e - an amulet of the acrobat
 f - the ring "Cabrulimie" (left hand) {Fire rCorr}
   (You found it on level 4 of the Dungeon)

   [ring of fire]

   It enhances your fire magic.
   rF:        It protects you from fire.
   rC:        It makes you vulnerable to cold.
   rCorr:     It protects you from acid and corrosion.
 i - an amulet of reflection
 j - a ring of protection from cold (right hand)
 o - a ring of fire
 w - an amulet of regeneration (around neck)
 D - a ring of flight
Wands
 u - a wand of flame (2)
 B - a wand of paralysis (9)
 C - a wand of roots (8)
Scrolls
 d - a scroll of enchant armour {unknown}
 g - a scroll of noise
 h - 7 scrolls of identify
 k - 2 scrolls of enchant weapon
 m - 4 scrolls of amnesia
 q - 2 scrolls of teleportation
 s - a scroll of fear {unknown}
 t - 2 scrolls of poison {unknown}
 v - 2 scrolls of blinking {unknown}
 y - a scroll of vulnerability {unknown}
 A - a scroll of fog
Potions
 l - 2 potions of flight {unknown}
 r - a potion of berserk rage


   Skills:
 + Level 7.5 Fighting
 * Level 10.4 Axes
 + Level 6.8 Armour
 - Level 3.5 Shields
 + Level 7.0 Invocations


You had 8 spell levels left.
You didn't know any spells.
Your spell library contained the following spells:

 Spells                   Type           Power      Damage    Failure   Level
 Kiss of Death            Conj/Necr      0%         2d5       100%        1
 Magic Dart               Conj           0%         1d3       100%        1
 Sandblast                Erth           0%         2d4       100%        1
 Summon Small Mammal      Summ           0%         N/A       100%        1
 Cigotuvi's Dreadful Rot  Necr/Pois/Air  0%         N/A       100%        2
 Lesser Beckoning         Tloc           0%         N/A       100%        2
 Passwall                 Tmut/Erth      0%         N/A       100%        2
 Poisonous Vapours        Pois/Air       0%         N/A       100%        2
 Searing Ray              Conj           0%         2d4       100%        2
 Call Canine Familiar     Summ           0%         N/A       100%        3
 Confusing Touch          Hex            0%         N/A       100%        3
 Gell's Gravitas          Tloc           0%         N/A       100%        3
 Mephitic Cloud           Conj/Pois/Air  0%         N/A       100%        3
 Ozocubu's Armour         Ice            0%         N/A       100%        3
 Stone Arrow              Conj/Erth      0%         3d7       100%        3
 Summon Guardian Golem    Hex/Summ       0%         N/A       100%        3
 Teleport Other           Tloc           0%         N/A       100%        3
 Dispel Undead            Necr           0%         3d6       100%        4
 Fulminant Prism          Conj/Hex       0%         3d5       100%        4
 Metabolic Englaciation   Hex/Ice        0%         N/A       100%        5
 Simulacrum               Ice/Necr       0%         N/A       100%        6


Dungeon Overview and Level Annotations

Branches:
Dungeon (7/15)              Sewer (visited)
 Temple: D:4-7

Altars:

Shops:
D:5 (

Annotations:
D:7 3 runed translucent doors, Dega's ghost, amateur OpFi


Message History

You are too injured to fight recklessly!
You are too injured to fight recklessly!
You barely miss the bullfrog.
The bullfrog hits you but does no damage.
The orc warrior hits you with a +0 flail!
The bullfrog barely misses you. The orc hits you with a +0 club.
The gnoll hits you but does no damage. The gnoll barely misses you.
The bullfrog releases a deep croak.
The bullfrog hits you but does no damage.
As you read the scroll labelled TIYC CIUROID, it crumbles to dust.
You feel strangely unstable.
It was a scroll of teleportation.
The orc hits you with a +0 club. The gnoll hits you but does no damage.
The gnoll hits you with a +0 flail.
* * * LOW HITPOINT WARNING * * *
The bullfrog closely misses you.
The orc warrior hits you with a +0 flail.
* * * LOW HITPOINT WARNING * * *
Okay, then.
The orc priest shouts, "Join the one true god or die!"
You bludgeon the orc!!
You kill the orc!
The bullfrog hits you.
* * * LOW HITPOINT WARNING * * *
The orc hits you but does no damage. The gnoll hits you with a +0 flail!
* * * LOW HITPOINT WARNING * * *
The gnoll hits you with a +0 flail!
* * * LOW HITPOINT WARNING * * *
The bullfrog hits you but does no damage.
The orc warrior hits you but does no damage.
The orc closely misses you. The gnoll hits you with a +0 flail.
* * * LOW HITPOINT WARNING * * *
The gnoll hits you but does no damage.
It was a potion of berserk rage.
A red film seems to cover your vision as you go berserk!
You feel yourself moving faster!
You feel mighty!
The bullfrog hits you but does no damage.
The orc warrior hits you with a +0 flail.
* * * LOW HITPOINT WARNING * * *
The bullfrog hits you!
You die...

##.#.##.#######
........+..#..........#
........#..####.#####.#
.#......#.......#
........#.8######
#......+..#.....
...:..#..#o.##.
#+#ggo..#oo#8.
#..)@o..#oW##.
#.###F..#o#oo.
#.......+.#o..
.........+.#o8.
...#.#...+.#...
.#...!...#.#...
....#...#o.##.
.#####...#..# ....#..##


You could see 2 orc warriors, a bullfrog, 2 orc priests, Dega's ghost, 2 gnolls
and 6 orcs.

Vanquished Creatures
  Grinder (D:4)
  A wyvern (D:7)
  Edmund (D:5)
  A black bear (D:5)
  3 ogres
  2 phantoms
  3 bullfrogs
  A kobold brigand (D:6)
  3 scorpions
  2 jellies (D:4)
  2 gnoll boudas (D:6)
  6 hounds
  An orc priest (D:4)
  2 sleepcaps (D:5)
  An iguana (D:5)
  5 orc wizards
  21 gnolls
  4 adders
  2 river rats (D:3)
  2 dart slugs
  17 orcs
  15 endoplasms
  9 giant cockroaches
  9 goblins
  10 hobgoblins
  4 jackals (D:2)
  9 quokkas (Sewer)
  10 ball pythons
  7 bats
  8 frilled lizards
  13 kobolds
  8 rats
183 creatures vanquished.

Notes
Turn   | Place    | Note
-------+----------+-------------------------------------------
     0 | D:1      | Nithhogg the Hill Orc Fighter began the quest for the Orb.
     0 | D:1      | Reached XP level 1. HP: 19/19 MP: 1/1
    16 | D:1      | Reached XP level 2. HP: 25/27 MP: 2/2
    27 | D:1      | Upgraded the game from 0.30-a0-883-g5ad918d to
                  | 0.30-a0-897-ga2f19c9
   175 | D:1      | Reached skill level 1 in Invocations
   208 | D:1      | Reached skill level 3 in Axes
   318 | D:1      | Found a faded altar of an unknown god.
   372 | D:1      | Reached XP level 3. HP: 30/33 MP: 2/4
   808 | D:2      | Reached XP level 4. HP: 27/38 MP: 5/5
   828 | D:2      | Reached skill level 4 in Axes
  1084 | D:2      | You fall into a shaft and drop 1 floor!
  1207 | D:3      | Identified a scroll of acquirement
  1207 | D:3      | Acquired 977 gold pieces
  1245 | D:3      | Reached XP level 5. HP: 47/47 MP: 6/6
  1252 | D:3      | Found a glowing drain.
  1256 | Sewer    | Entered a sewer
  1649 | Sewer    | Reached skill level 5 in Axes
  1649 | Sewer    | Reached XP level 6. HP: 49/55 MP: 8/8
  1668 | Sewer    | Reached skill level 5 in Fighting
  3076 | D:4      | Reached skill level 6 in Axes
  3124 | D:4      | Reached XP level 7. HP: 50/61 MP: 9/9
  3297 | D:4      | Noticed Grinder
  3310 | D:4      | Killed Grinder
  3311 | D:4      | Reached skill level 5 in Armour
  3385 | D:4      | HP: 2/61 [orc priest/divine providence (15)]
  3546 | D:4      | Reached skill level 7 in Axes
  3549 | D:4      | Identified the ring "Cabrulimie" {Fire rCorr}
  3826 | D:4      | Reached XP level 8. HP: 50/70 MP: 11/11
  4206 | D:5      | Entered Level 5 of the Dungeon
  4219 | D:5      | Reached skill level 5 in Invocations
  4239 | D:5      | Noticed Edmund
  4315 | D:5      | Killed Edmund
  4316 | D:5      | Reached skill level 8 in Axes
  4815 | D:5      | Found Ocsaolup's Weapon Emporium.
  4827 | D:5      | Reached skill level 9 in Axes
  5111 | D:6      | Reached XP level 9. HP: 75/78 MP: 13/13
  5415 | D:6      | Reached skill level 10 in Axes
  5724 | D:7      | Found a runed translucent gate.
  5725 | D:7      | Found a runed translucent gate.
  5726 | D:7      | Found a runed translucent gate.
  5726 | D:7      | Noticed Dega's ghost (amateur OpFi)
  5743 | D:7      | HP: 3/79 [gnoll/+0 flail (8)]
  5743 | D:7      | HP: 1/79 [gnoll/+0 flail (2)]
  5744 | D:7      | Mangled by a bullfrog

Illustrated notes

Levels and vault maps discovered:
D:1:      minmay_arrival_four_circles, layout_basic, basic_ecumenical_altar
D:2:      layout_rooms, minmay_misc_feat_room, minmay_pentomino_s2
D:3:      wander_river, layout_loops_corners, gup_sewer_entry_bowl
D:4:      layout_basic, minmay_between, uniq_grinder
D:5:      layout_basic, serial_shops, nicolae_shop_stone, uniq_edmund
D:6:      layout_basic
D:7:      layout_basic, minmay_temple_entry_gardened_gates,
          biasface_ghost_orc_armoury

Skill      XL: |  1  2  3  4  5  6  7  8  9 |
---------------+----------------------------+-----
Invocations    | 1 2 3 4 6 7 |  7.0
Axes           | 3 4 5 6 7 9 10 | 10.4
Fighting       | 4 5 6 7 |  7.5
Armour         | 4 5 6 |  6.8
Shields        | |  3.5

Action                     |  1- 3 |  4- 6 |  7- 9 || total
---------------------------+-------+-------+-------++-------
  Melee: War axe           |    80 |   228 |   115 ||   423
         Punch             |       |     5 |     1 ||     6
         Dire flail        |       |       |   141 ||   141
    Use: Scroll            |       |     4 |     2 ||     6
         Potion            |       |       |     5 ||     5
 Armour: Scale mail        |    51 |   137 |    25 ||   213
         Plate armour      |       |       |   204 ||   204
  Dodge: Dodged            |    38 |   115 |   137 ||   290

Table legend: (Time is in decaauts)
 A = Elapsed time spent in this place.
 B = Non-inter-level travel time spent in this place.
 C = Inter-level travel time spent in this place.
 D = Time resting spent in this place.
 E = Time spent auto-exploring this place.
 F = Levels seen in this place.
 G = Mean time per level.
                   A        B        C        D        E       F      G
               +--------+--------+--------+--------+--------+-----+--------+
         Total |   6010 |   5878 |    132 |    197 |   4267 |   8 |  751.2 |
       Dungeon |   5384 |   5252 |    132 |    197 |   3888 |   7 |  769.1 |
         Sewer |    625 |    625 |      0 |      0 |    379 |   1 |  625.0 |
               +--------+--------+--------+--------+--------+-----+--------+

Top non-repeatable levels by time:
     D:3: 1218 daAuts
     D:4: 1031 daAuts
     D:2: 803 daAuts
     D:6: 793 daAuts
     D:1: 727 daAuts
     D:5: 704 daAuts
   Sewer: 625 daAuts
     D:7: 106 daAuts
